 Dungeon Crawl Stone Soup version 0.30-a0-121-gb27577e5d9 (webtiles) character file.

Game seed: 3773870134658647701

24 KittyKat the Grave Robber (level 2, -4/19 HPs)
             Began as a Demonspawn Necromancer on Sept 14, 2022.
             Slain by a hobgoblin (7 damage)
             ... led by Robin
             ... on level 2 of the Dungeon.
             The game lasted 00:02:39 (1077 turns).

KittyKat the Grave Robber (Demonspawn Necromancer)  Turns: 1077, Time: 00:02:39

Health: -4/19      AC:  2    Str:  8    XL:     2   Next: 79%
Magic:  2/5        EV: 12    Int: 16    God:
Gold:   57         SH:  0    Dex: 13    Spells: 4/5 levels left

rFire   . . .      SeeInvis .    g - +1 dagger (speed)
rCold   . . .      Faith    .    (no shield)
rNeg    . . .      Spirit   .    a - +0 robe
rPois   .          Reflect  .    (no helmet)
rElec   .          Harm     .    (no cloak)
rCorr   .          Rampage  .    (no gloves)
Will    .....                    (no boots)
Stlth   ++........               (no amulet)
HPRegen 0.06/turn                (no ring)
MPRegen 0.09/turn                (no ring)

@: no status effects
A: ignite blood 1
a: no special abilities


You were on level 2 of the Dungeon.
You visited 1 branch of the dungeon, and saw 2 of its levels.

You collected 57 gold pieces.

Inventory:

Hand Weapons
 g - a +1 dagger of speed (weapon)
Armour
 a - a +0 robe (worn)
Scrolls
 c - a scroll of blinking {unknown}
Potions
 b - a potion of magic
 e - a potion of flight {unknown}
 f - a potion of degeneration {unknown}


   Skills:
 - Level 1.7 Dodging
 - Level 1.7 Stealth
 + Level 2.4 Spellcasting
 * Level 5.1 Necromancy


You had 4 spell levels left.
You knew the following spells:

 Your Spells              Type           Power      Damage    Failure   Level
a - Necrotise             Necr           72%        1d7       2%          1

Your spell library contained the following spells:

 Spells                   Type           Power      Damage    Failure   Level
 Vampiric Draining        Necr           18%        2d7       8%          3
 Cigotuvi's Dreadful Rot  Necr/Pois/Air  14%        N/A       16%         2
 Animate Dead             Necr           18%        N/A       24%         4
 Poisonous Vapours        Pois/Air       2%         N/A       30%         2
 Agony                    Necr           18%        N/A       56%         5


Dungeon Overview and Level Annotations

Branches:
Dungeon (2/15)

Altars:

Annotations:
D:2 Robin


Innate Abilities, Weirdness & Mutations

Your demonic aura sometimes causes spilled blood to erupt in flames.


Message History

The hobgoblin hits your goblin skeleton.
Casting: Necrotise (safe; 2% risk of failure)
Confirm with . or Enter, or press ? or * to list all spells.
Aiming: Necrotise (safe; 2% risk of failure)
Press: ? - help, Shift-Dir - straight line, f/p - Robin
Aim: Robin, wielding a +0 falchion, wearing a +0 animal skin and wearing a +1 helmet (lightly wounded, ally target, chance to affect: 83%) Robin writhes in agony.
Your goblin skeleton hits Robin but does no damage.
Robin throws the goblin at you!
The hobgoblin hits your goblin skeleton!
Your goblin skeleton is destroyed!
You hit the goblin.
You kill the goblin!
Robin roars a battlecry!
The goblin shouts!
Casting: Necrotise (safe; 2% risk of failure)
Confirm with . or Enter, or press ? or * to list all spells.
Aiming: Necrotise (safe; 2% risk of failure)
Press: ? - help, Shift-Dir - straight line, f - hobgoblin, p - Robin
Aim: a hobgoblin (strong, chance to affect: 88%)
The hobgoblin writhes in agony.
Robin throws the goblin at you! The goblin barely misses you.
You hit the goblin.
The goblin is severely wounded.
You barely miss the goblin.
The goblin is severely wounded.
Robin throws the goblin at you! The goblin hits you with a +0 dagger.
You hit the goblin.
You kill the goblin!
Robin roars a battlecry!
The goblin goes into a battle-frenzy!
The goblin barely misses you.
Unknown command.
The hobgoblin misses you. The goblin hits you with a +0 dagger.
The hobgoblin attacks as you move away! The hobgoblin hits you.
The goblin closely misses you. The goblin attacks as you move away!
The goblin hits you with a +0 dagger.
* * * LOW HITPOINT WARNING * * *
The hobgoblin attacks as you move away! The hobgoblin hits you!
You die...

#......###.g.###....#
#####.........g.....#
........###..gZ....##
##.#..#########.g# #
##..# ##g# #..# #.#
####<### #g# ##
#.....)# #.##
...#...@..# #.g#
.......ggg## ####.#
.#.........####....#
...#........g##).g.#
...#....)..........#
..........)####....#
#...........# #....#
.....##.###.# ####.#
......... ... #.#


You could see Robin, 2 hobgoblins and a goblin (strong).

Vanquished Creatures
  A ball python (D:1)
  2 bats
  An endoplasm (D:1)
  2 giant cockroaches (D:1)
  2 hobgoblins (D:2)
  A quokka (D:2)
  2 frilled lizards
  8 goblins
  A rat (D:1)
20 creatures vanquished.

Vanquished Creatures (collateral kills)
  A kobold (D:2)
1 creature vanquished.

Grand Total: 21 creatures vanquished

Notes
Turn   | Place    | Note
-------+----------+-------------------------------------------
     0 | D:1      | KittyKat the Demonspawn Necromancer began the quest for the
                  | Orb.
     0 | D:1      | Reached XP level 1. HP: 13/13 MP: 3/3
   570 | D:2      | Gained mutation: Your demonic aura sometimes causes spilled
                  | blood to erupt in flames. [demonic ancestry]
   570 | D:2      | Reached XP level 2. HP: 19/19 MP: 3/5
   649 | D:2      | Noticed a great orb of eyes
   858 | D:2      | Found a faded altar of an unknown god.
   864 | D:2      | Noticed an eye of devastation
   865 | D:2      | Noticed an eye of devastation
   865 | D:2      | Noticed a great orb of eyes
   877 | D:2      | Noticed Robin
   895 | D:2      | Reached skill level 5 in Necromancy
  1077 | D:2      | Slain by a hobgoblin

Illustrated notes

Levels and vault maps discovered:
D:1:      kennysheep_arrival_seaside, layout_rooms
D:2:      layout_rooms, hellmonk_ecumenical_altar_watching_god,
          nicolae_figureground_pulse, uniq_robin

Skill      XL: |  1  2 |
---------------+-------+-----
Necromancy     | 5 |  5.1
Dodging        | |  1.7
Stealth        | |  1.7
Spellcasting   | |  2.4

Action                   || total
-------------------------++-------
Melee: Unarmed           ||     5
       Dagger            ||     6
 Cast: Necrotise         ||    33
Armor: Robe              ||     6
Dodge: Dodged            ||    20

Table legend: (Time is in decaauts)
 A = Elapsed time spent in this place.
 B = Non-inter-level travel time spent in this place.
 C = Inter-level travel time spent in this place.
 D = Time resting spent in this place.
 E = Time spent auto-exploring this place.
 F = Levels seen in this place.
 G = Mean time per level.
                   A        B        C        D        E       F      G
               +--------+--------+--------+--------+--------+-----+--------+
         Total |   1079 |   1079 |      0 |    278 |    474 |   2 |  539.5 |
       Dungeon |   1079 |   1079 |      0 |    278 |    474 |   2 |  539.5 |
               +--------+--------+--------+--------+--------+-----+--------+

Top non-repeatable levels by time:
     D:1: 839 daAuts
     D:2: 239 daAuts
